 Dungeon Sprint DCSS version 0.23-a0-807-gd38242e (webtiles) character file.

52 Lanoc the Shield-Bearer (level 3, -3/35 HPs)
             Began as a Gnoll Fighter on Jan 20, 2019.
             Slain by an ogre
             ... wielding a +0 giant club
              (26 damage)
             ... in the Dungeon (Sprint IX: "|||||||||||||||||||||||||||||").
             The game lasted 00:00:12 (37 turns).

Lanoc the Shield-Bearer (Gnoll Fighter)               Turns: 37, Time: 00:00:13

Health: -3/35      AC:  7    Str: 19    XL:     3   Next: 85%
Magic:  4/6        EV:  9    Int: 10    God:
Gold:   0          SH: 10    Dex: 14    Spells: 6/6 levels left

rFire    . . .     SeeInvis .   a - +0 long sword
rCold    . . .     Gourm    .   c - +0 shield
rNeg     . . .     Faith    .   b - +0 scale mail
rPois    .         Spirit   .   (no helmet)
rElec    .         Reflect  .   (no cloak)
rCorr    .         Harm     .   (no gloves)
MR       .....     NoTele   +   (no boots)
Stlth    +.........             (no amulet)
HPRegen  0.11/turn              (no ring)
MPRegen  0.10/turn              (no ring)

@: no status effects
A: distributed training, fangs 1, strong nose
a: no special abilities


You were in the Dungeon.
You were not hungry.

You visited 1 branch

Inventory:

Hand Weapons
 a - a +0 long sword (weapon)
Armour
 b - a +0 scale mail (worn)
 c - a +0 shield (worn)
Scrolls
 k - a scroll of blinking
Potions
 d - a potion of might
 e - a potion of curing
 g - a potion of heal wounds
 h - a potion of haste
 i - 2 potions of magic
 j - a potion of berserk rage
Comestibles
 f - a ration


   Skills:
 + Level 6.9 Fighting
 + Level 2.2 Short Blades
 + Level 5.1 Long Blades
 + Level 2.2 Axes
 + Level 2.2 Maces & Flails
 + Level 2.2 Polearms
 + Level 2.2 Staves
 + Level 2.2 Slings
 + Level 2.2 Bows
 + Level 2.2 Crossbows
 + Level 2.2 Throwing
 + Level 6.9 Armour
 + Level 2.2 Dodging
 + Level 2.2 Stealth
 + Level 6.9 Shields
 + Level 2.2 Unarmed Combat
 + Level 2.2 Spellcasting
 + Level 1.8 Conjurations
 + Level 1.8 Hexes
 + Level 1.8 Charms
 + Level 1.8 Summonings
 + Level 1.8 Necromancy
 + Level 1.8 Translocations
 + Level 1.8 Transmutations
 + Level 1.8 Fire Magic
 + Level 1.8 Ice Magic
 + Level 1.8 Air Magic
 + Level 1.8 Earth Magic
 + Level 1.8 Poison Magic
 + Level 2.4 Invocations
 + Level 2.2 Evocations


You had 6 spell levels left.
You didn't know any spells.
Your spell library was empty.

Dungeon Overview and Level Annotations

Branches:
Dungeon (1/1)

Altars:


Innate Abilities, Weirdness & Mutations

Your experience applies equally to all skills.
You have very sharp teeth.
Your uncanny sense of smell can sniff out nearby items.


Message History

You destroy the adder skeleton!
The adder bites you but does no damage.
You closely miss the adder. You block the adder's attack.
The leopard gecko hisses menacingly.
You slash the adder!
You kill the adder!
You hit the ogre.
The ogre is moderately wounded.
The ogre hits you with a +0 giant club!
You completely miss the ogre.
The ogre is moderately wounded.
The ogre barely misses you.
You hit the ogre.
The ogre is moderately wounded.
You block the ogre's attack.
You slash the ogre!
The ogre is heavily wounded.
The ogre hits you with a +0 giant club!!
Ouch! That really hurt!
You die...

▓▓▓▓▓▓▓▓▓▓▓▓▓▓▓▓▓▓
▓<...†)...@Ol....+
▓▓▓▓▓▓▓▓▓▓▓▓▓▓▓▓▓▓
∆∆∆∆∆∆∆∆∆


You could see an ogre and a leopard gecko.

Vanquished Creatures
  A crimson imp (D)
  An adder (D)
  An adder skeleton (D)
  A bat (D)
  A jackal (D)
  2 kobolds (D)
  A rat (D)
8 creatures vanquished.

Notes
Turn   | Place    | Note
-------+----------+-------------------------------------------
     0 | D        | Lanoc the Gnoll Fighter began the quest for the Orb.
     0 | D        | Reached XP level 1. HP: 23/23 MP: 1/1
    11 | D        | Reached skill level 1 in Invocations
    13 | D        | Reached skill level 1 in Short Blades
    13 | D        | Reached skill level 1 in Axes
    13 | D        | Reached skill level 1 in Maces & Flails
    13 | D        | Reached skill level 1 in Polearms
    13 | D        | Reached skill level 1 in Staves
    13 | D        | Reached skill level 1 in Slings
    13 | D        | Reached skill level 1 in Bows
    13 | D        | Reached skill level 1 in Crossbows
    13 | D        | Reached skill level 1 in Throwing
    13 | D        | Reached skill level 1 in Dodging
    13 | D        | Reached skill level 1 in Stealth
    13 | D        | Reached skill level 1 in Unarmed Combat
    13 | D        | Reached skill level 1 in Spellcasting
    13 | D        | Reached skill level 1 in Evocations
    18 | D        | Noticed a crimson imp
    18 | D        | Noticed an ogre
    27 | D        | Killed a crimson imp
    27 | D        | Reached skill level 5 in Long Blades
    27 | D        | Reached skill level 1 in Conjurations
    27 | D        | Reached skill level 1 in Hexes
    27 | D        | Reached skill level 1 in Charms
    27 | D        | Reached skill level 1 in Summonings
    27 | D        | Reached skill level 1 in Necromancy
    27 | D        | Reached skill level 1 in Translocations
    27 | D        | Reached skill level 1 in Transmutations
    27 | D        | Reached skill level 1 in Fire Magic
    27 | D        | Reached skill level 1 in Ice Magic
    27 | D        | Reached skill level 1 in Air Magic
    27 | D        | Reached skill level 1 in Earth Magic
    27 | D        | Reached skill level 1 in Poison Magic
    27 | D        | Reached XP level 2. HP: 29/29 MP: 3/5
    27 | D        | Reached XP level 3. HP: 35/35 MP: 3/6
    37 | D        | Slain by an ogre

Vault maps used:
D:        linesprint

Skill      XL: |  1 |
---------------+----+-----
Invocations    | 2 |  2.4
Short Blades   | 2 |  2.2
Axes           | 2 |  2.2
Maces & Flails | 2 |  2.2
Polearms       | 2 |  2.2
Staves         | 2 |  2.2
Slings         | 2 |  2.2
Bows           | 2 |  2.2
Crossbows      | 2 |  2.2
Throwing       | 2 |  2.2
Dodging        | 2 |  2.2
Stealth        | 2 |  2.2
Unarmed Combat | 2 |  2.2
Spellcasting   | 2 |  2.2
Evocations     | 2 |  2.2
Long Blades    | 5 |  5.1
Conjurations   | 1 |  1.8
Hexes          | 1 |  1.8
Charms         | 1 |  1.8
Summonings     | 1 |  1.8
Necromancy     | 1 |  1.8
Translocations | 1 |  1.8
Transmutations | 1 |  1.8
Fire Magic     | 1 |  1.8
Ice Magic      | 1 |  1.8
Air Magic      | 1 |  1.8
Earth Magic    | 1 |  1.8
Poison Magic   | 1 |  1.8
Fighting       | |  6.9
Armour         | |  6.9
Shields        | |  6.9

Action                   || total
-------------------------++-------
Melee: Long sword        ||    27
       Bite              ||     3
Armor: Scale mail        ||     8
Dodge: Dodged            ||     6
Block: Shield            ||     9
       Rpst.: Long sword ||     2

Table legend:
 A = Non-vault XP
 B = Vault XP
 C = Vault XP percentage of total XP
 D = Non-vault monster count
 E = Vault monster count
 F = Vault count percentage of total count
                 A         B        C        D         E       F
            +---------+---------+-------+---------+---------+-------
      Total |       0 |      75 | 100.0 |       0 |       8 | 100.0
            +---------+---------+-------+---------+---------+-------
          D |       0 |      75 | 100.0 |       0 |       8 | 100.0
            +---------+---------+-------+---------+---------+-------
